 Dungeon Crawl Stone Soup version 0.25.1-2-g60ff931df9 (webtiles) character file.

Game seed: 16186672397117477759

19514 Morbidden the Thaumaturge (level 12, -1/104 HPs)
             Began as a Red Draconian Conjurer on July 30, 2020.
             Was an Elder of Vehumet.
             Slain by a black mamba (6 damage)
             ... on level 1 of the Lair of Beasts.
             The game lasted 00:42:49 (17214 turns).

Morbidden the Thaumaturge (Red Draconian Conjurer) Turns: 17214, Time: 00:42:50

Health: -1/104     AC: 14    Str:  8    XL:     12   Next: 37%
Magic:  25/45      EV: 14    Int: 20    God:    Vehumet [****..]
Gold:   199        SH:  7    Dex: 18    Spells: 20/33 levels left

rFire    + . .     SeeInvis .   s - +9 staff of Olgreb {rPois∞}
rCold    + . .     Gourm    .   O - +0 kite shield "Toibefag" {+Fly Regen+ MP+9} (curse)
rNeg     . . .     Faith    .   (armour unavailable)
rPois    ∞         Spirit   .   (helmet restricted)
rElec    .         Reflect  .   j - +2 cloak {Stlth+}
rCorr    .         Harm     .   I - +0 pair of gloves {Dex+3}
MR       .....                  q - +1 pair of boots
Stlth    +++.......             (no amulet)
HPRegen  0.67/turn              J - ring of protection from cold
MPRegen  0.29/turn              z - ring of magical power

@: slowed, very slow
A: breathe fire, unfitting armour, agile 1, blink, fire resistance 1, weak 1,
cold-blooded, AC +8
a: Breathe Fire, Blink, Renounce Religion, Evoke Flight


You were on level 1 of the Lair of Beasts.
You worshipped Vehumet.
Vehumet was greatly pleased with you.
You were not hungry.

You visited 2 branches of the dungeon, and saw 13 of its levels.
You also visited: Sewer.

You collected 574 gold pieces.
You spent 375 gold pieces at shops.

Inventory:

Hand Weapons
 s - the +9 staff of Olgreb (weapon) {rPois∞}
   (You found it on level 5 of the Dungeon)

   It grants immunity to poison.
Missiles
 i - a throwing net
 x - 7 datura-tipped darts (quivered)
Armour
 j - a +2 cloak of stealth (worn)
 q - a +1 pair of boots (worn)
 I - a +0 pair of gloves of dexterity (worn)
 O - the cursed +0 kite shield "Toibefag" (worn) {+Fly Regen+ MP+9}
   (You found it on level 1 of the Lair of Beasts)

   It affects your magic capacity (+9).
   It lets you fly.
   It increases your rate of regeneration.
   It has a curse placed upon it.
Jewellery
 h - an uncursed ring of protection from fire
 v - an uncursed ring of see invisible
 z - a ring of magical power (right hand)
 J - a ring of protection from cold (left hand)
Wands
 n - a wand of enslavement (6)
 o - a wand of disintegration (11)
 r - a wand of flame (14)
 t - a wand of clouds (7)
 A - a wand of acid (15)
 M - a wand of digging (8)
Scrolls
 d - a scroll of enchant weapon
 e - 4 scrolls of magic mapping
 g - 14 scrolls of remove curse
 k - 6 scrolls of teleportation
 l - 3 scrolls of fear
 m - a scroll of fog
 p - a scroll of enchant armour
 u - 3 scrolls of immolation
 y - 3 scrolls of identify
 D - 4 scrolls of silence {unknown}
 F - a scroll of noise {unknown}
 H - a scroll of amnesia {unknown}
Potions
 a - a potion of magic
 c - 3 potions of brilliance
 f - a potion of curing
 w - 2 potions of mutation
 B - 2 potions of haste {unknown}
 C - a potion of flight {unknown}
 E - 2 potions of lignification {unknown}
 G - a potion of ambrosia {unknown}
 L - 2 potions of stabbing {unknown}
 N - a potion of resistance {unknown}
Miscellaneous
 K - a tin of tremorstones (3/3)
Comestibles
 b - 25 rations
 P - 5 chunks of flesh


   Skills:
 * Level 9.2 Fighting
 + Level 1.2 Staves
 + Level 0.1 Throwing
 * Level 6.5 Dodging
 + Level 4.3 Stealth
 * Level 1.2 Shields
 + Level 3.6 Unarmed Combat
 * Level 11.1 Spellcasting
 + Level 9.3 Conjurations
 + Level 1.7 Translocations
 * Level 5.5 Fire Magic
 * Level 5.8 Evocations


You had 20 spell levels left.
You knew the following spells:

 Your Spells              Type           Power        Failure   Level  Hunger
a - Fireball              Conj/Fire      #####.....   13%         5    ####...
b - Searing Ray           Conj           #####.       1%          2    None
c - Magic Dart            Conj           ####         1%          1    None
d - Foxfire               Conj/Fire      ####         1%          1    None
z - Iskenderun's Mystic   Conj/Tloc      ####....     11%         4    ##.....

Your spell library contained the following spells:

 Spells                   Type           Power        Failure   Level  Hunger
 Dazzling Flash           Conj/Hex       ####..       4%          3    None
 Fulminant Prism          Conj/Hex       ####......   14%         4    ##.....
 Gell's Gravitas          Tloc           ###.......   47%         3    None
 Confusing Touch          Hex            ##......     73%         3    None
 Yara's Violent Unravell  Hex/Tmut       ##........   91%         5    ####...
 Petrify                  Tmut/Erth      ##......     98%         4    ##.....
 Metabolic Englaciation   Hex/Ice        ##........   100%        5    ####...


Dungeon Overview and Level Annotations

Branches:
Dungeon (12/15)            Temple (0/1) D:7            Lair (1/6) D:9
    Orc (0/2) D:12          Sewer (visited)

Altars:
Elyvilon
Uskayaw
Vehumet
Yredelemnul
The Shining One

Shops:
D:4 (   D:5 **%[*   D:9 ?   D:10 (

Annotations:
D:5 1 runed translucent door
D:12 Kirke


Innate Abilities, Weirdness & Mutations

You can breathe blasts of fire.
Your fiery red scales are hard. (AC +8)
You cannot fit into any form of body armour.
Your flesh is heat resistant. (rF+)
You are cold-blooded and may be slowed by cold attacks.
You are agile. (Dex +2)
You can translocate small distances at will.
You are weak. (Str -2)


Message History

The black mamba barely misses you.
Unknown command.
Unknown command.
Unknown command.
You feel better.
Your toxic aura wanes.
The black mamba misses you. The black mamba bites you!
* * * LOW HITPOINT WARNING * * *
Unknown command.
Unknown command.
Unknown command.
Unknown command.
Unknown command.
You feel better.
You have got your breath back.
The black mamba bites you but does no damage.
The black mamba bites you!
* * * LOW HITPOINT WARNING * * *
The black mamba bites you.
You die...

## ### .###..
#########
.....#####........
..##.#.##....P####
......÷.÷...###
.....##.#...#
.#...#####.P# ###
.##..#
##.##########.##.#
.##..##
#...##..@S[......#
[...(.#
#..##..########..#
.##..## ##.###.#
.....
.##..#..##.###.#
..#.#
>..............#
.## .
.#........#.##.# #
.....####...####
.#.### ##.## .. ..


You could see a black mamba.

Vanquished Creatures
  Gastronok (Lair:1)
  4 two-headed ogres
  Erica (Lair:1)
  An ugly thing (D:11)
  2 cyclopes (D:11)
  A manticore (D:11)
  4 molten gargoyles (D:9)
  A spiny frog (Lair:1)
  2 centaur skeletons (D:11)
  A komodo dragon (Lair:1)
  A troll (D:10)
  5 hornets (D:9)
  Sigmund (D:2)
  4 yaks (D:11)
  2 hogs (D:12)
  2 wargs (D:9)
  An acid dragon (D:11)
  8 soldier ants
  7 water moccasins
  4 porcupines (Lair:1)
  An ice beast (D:7)
  6 orc warriors
  Purgy (Sewer)
  5 sky beasts
  3 ogres
  A necrophage (D:7)
  An eye of draining (D:11)
  9 centaurs
  2 crocodiles
  A big kobold (D:7)
  7 bullfrogs
  2 wyvern skeletons
  A scorpion (D:11)
  15 killer bees
  9 wights
  An electric eel (Lair:1)
  A crimson imp (D:8)
  2 lava snakes (D:9)
  2 jellies
  A bullfrog skeleton (D:8)
  7 hounds
  15 orc wizards
  11 orc priests
  Crazy Yiuf (D:3)
  12 worker ants
  Ijyb (D:5)
  5 iguanas
  A statue (D:5)
  3 hound skeletons
  A worker ant zombie (D:5)
  Robin (D:2)
  6 adders
  4 gnolls (D:5)
  6 shadow imps
  5 oozes
  2 adder skeletons
  5 worms
  3 dart slugs
  3 leopard geckos
  50 orcs
  6 bats
  6 giant cockroaches
  17 hobgoblins
  18 jackals
  4 quokkas
  5 ball pythons
  A ball python skeleton (D:4)
  9 frilled lizards
  16 goblins
  A jackal skeleton (D:5)
  13 kobolds
  A leopard gecko skeleton (D:4)
  2 rats
365 creatures vanquished.

Vanquished Creatures (others)
  A water moccasin (D:5)
  A soldier ant (D:5)
  482 foxfires
  A plant (D:9)
485 creatures vanquished.

Grand Total: 850 creatures vanquished

Notes
Turn   | Place    | Note
-------+----------+-------------------------------------------
     0 | D:1      | Morbidden the Draconian Conjurer began the quest for the
                  | Orb.
     0 | D:1      | Reached XP level 1. HP: 14/14 MP: 3/3
   480 | D:1      | Reached XP level 2. HP: 18/20 MP: 1/5
   862 | D:1      | Learned a level 2 spell: Searing Ray
   915 | D:1      | Reached XP level 3. HP: 25/26 MP: 3/6
  1299 | D:1      | You fall into a shaft and drop 1 floor!
  1370 | D:2      | Reached skill level 1 in Unarmed Combat
  1900 | D:2      | Reached XP level 4. HP: 34/34 MP: 3/7
  2154 | D:2      | Noticed Sigmund
  2179 | D:2      | Killed Sigmund
  2179 | D:2      | Reached skill level 1 in Fighting
  2179 | D:2      | Reached skill level 3 in Spellcasting
  2179 | D:2      | Reached skill level 5 in Conjurations
  2179 | D:2      | Reached XP level 5. HP: 23/41 MP: 0/10
  2395 | D:2      | Noticed Robin
  2404 | D:2      | Killed Robin
  2404 | D:2      | Reached XP level 6. HP: 39/48 MP: 6/11
  2995 | D:3      | Found a glowing drain.
  3015 | D:3      | Found a faded altar of an unknown god.
  3029 | Sewer    | Entered a sewer
  3271 | Sewer    | Noticed Purgy
  3284 | Sewer    | Killed Purgy
  3284 | Sewer    | Reached skill level 4 in Spellcasting
  4542 | D:3      | Found a runed translucent door.
  4543 | D:3      | Noticed Crazy Yiuf
  4565 | D:3      | Killed Crazy Yiuf
  4673 | D:4      | Found a white marble altar of Elyvilon.
  4699 | D:4      | Your scales start taking on a fiery red colour.
  4699 | D:4      | Reached XP level 7. HP: 56/56 MP: 7/13
  4699 | D:4      | Gained mutation: Your flesh is heat resistant. (rF+) [Red
                  | Draconian growth]
  4848 | D:4      | Found Qilynae's Weapon Boutique.
  5258 | D:4      | Found a hide-covered altar of Uskayaw.
  5580 | D:4      | Reached skill level 5 in Spellcasting
  5994 | D:5      | Entered Level 5 of the Dungeon
  5994 | D:5      | Found Xint's Assorted Antiques.
  5994 | D:5      | Found Retisyrph's Assorted Antiques.
  5994 | D:5      | Noticed Ijyb
  6153 | D:5      | Found Kiazxuag's Food Shoppe.
  6162 | D:5      | Reached XP level 8. HP: 66/66 MP: 12/16
  6391 | D:5      | Killed Ijyb
  6391 | D:5      | Reached skill level 6 in Spellcasting
  6593 | D:5      | Found a runed translucent gate.
  6596 | D:5      | Found a runed translucent gate.
  6596 | D:5      | Found a runed translucent gate.
  6603 | D:5      | Found Keeheyl's Assorted Antiques.
  6760 | D:5      | Found a radiant altar of Vehumet.
  7027 | D:5      | Became a worshipper of Vehumet
  7063 | D:5      | Found the +9 staff of Olgreb {rPois∞}
  7066 | D:5      | Found a runed translucent door.
  7097 | D:5      | Bought a pair of embroidered boots for 165 gold pieces
  7106 | D:5      | Found Ahotuj's Antique Armour Shoppe.
  7184 | D:5      | Reached skill level 7 in Spellcasting
  7537 | D:5      | Found a runed translucent door.
  7582 | D:5      | Reached skill level 5 in Fighting
  7582 | D:5      | Reached XP level 9. HP: 71/74 MP: 19/19
  7616 | D:5      | Reached skill level 8 in Spellcasting
  7937 | D:5      | Reached * piety under Vehumet
  7937 | D:5      | Offered knowledge of Foxfire by Vehumet.
  8438 | D:6      | Found a basalt altar of Yredelemnul.
  8458 | D:6      | Reached skill level 1 in Evocations
  8980 | D:6      | Learned a level 1 spell: Foxfire
  9270 | D:7      | Found a staircase to the Ecumenical Temple.
  9306 | D:7      | Reached XP level 10. HP: 73/83 MP: 18/22
  9642 | D:7      | Reached ** piety under Vehumet
  9675 | D:7      | Offered knowledge of Shock by Vehumet.
 10626 | D:8      | Reached skill level 9 in Spellcasting
 10855 | D:8      | Reached skill level 1 in Fire Magic
 11022 | D:8      | Found a basalt altar of Yredelemnul.
 11543 | D:9      | Found Geng's Magic Scroll Shoppe.
 11637 | D:9      | Noticed a molten gargoyle
 11690 | D:10     | Entered Level 10 of the Dungeon
 11922 | D:10     | Offered knowledge of Mephitic Cloud by Vehumet.
 12250 | D:10     | Found Tusiu's Antique Weapon Shoppe.
 12475 | D:10     | Reached skill level 5 in Dodging
 12489 | D:10     | Reached *** piety under Vehumet
 12672 | D:9      | Noticed a molten gargoyle
 12829 | D:5      | Bought a pair of embroidered gloves for 210 gold pieces
 13021 | D:9      | Noticed a molten gargoyle
 13042 | D:9      | Killed a molten gargoyle
 13166 | D:9      | Killed a molten gargoyle
 13174 | D:9      | Learned a level 4 spell: Iskenderun's Mystic Blast
 13263 | D:9      | Noticed a molten gargoyle
 13314 | D:9      | Killed a molten gargoyle
 13533 | D:9      | Killed a molten gargoyle
 13533 | D:9      | Reached XP level 11. HP: 82/92 MP: 23/24
 13619 | D:9      | Offered knowledge of Stone Arrow by Vehumet.
 14200 | D:9      | Found a staircase to the Lair.
 14728 | D:11     | Reached **** piety under Vehumet
 15355 | D:11     | Reached skill level 10 in Spellcasting
 15441 | D:11     | Offered knowledge of Fireball by Vehumet.
 15571 | D:11     | Reached skill level 1 in Translocations
 15779 | D:11     | Noticed a two-headed ogre
 15793 | D:11     | Killed a two-headed ogre
 15909 | D:11     | Noticed a two-headed ogre
 15924 | D:11     | Killed a two-headed ogre
 15995 | D:11     | Noticed a cyan ugly thing
 16010 | D:11     | Reached skill level 5 in Evocations
 16016 | D:11     | Killed a cyan ugly thing
 16292 | D:11     | Noticed a two-headed ogre
 16299 | D:11     | Killed a two-headed ogre
 16345 | D:11     | Found a glowing golden altar of the Shining One.
 16421 | D:11     | Learned a level 5 spell: Fireball
 16435 | D:12     | Found a staircase to the Orcish Mines.
 16435 | D:12     | Noticed Kirke
 16441 | D:12     | Reached XP level 12. HP: 103/103 MP: 12/26
 16486 | D:12     | Noticed a two-headed ogre
 16498 | D:12     | Killed a two-headed ogre
 16498 | D:12     | Reached skill level 1 in Staves
 16607 | Lair:1   | Entered Level 1 of the Lair of Beasts
 16640 | Lair:1   | Noticed Erica
 16647 | Lair:1   | Killed Erica
 16951 | Lair:1   | Got a heavily runed kite shield
 16952 | Lair:1   | Identified the cursed +0 kite shield "Toibefag" {+Fly
                  | Regen+ MP+9} (You found it on level 1 of the Lair of
                  | Beasts)
 17025 | Lair:1   | Reached skill level 5 in Fire Magic
 17041 | Lair:1   | Reached skill level 11 in Spellcasting
 17191 | Lair:1   | Noticed Gastronok
 17210 | Lair:1   | Gained mutation: You are weak. (Str -2) [potion of
                  | mutation]
 17210 | Lair:1   | Gained mutation: You are agile. (Dex +2) [potion of
                  | mutation]
 17210 | Lair:1   | Gained mutation: You can translocate small distances at
                  | will. [potion of mutation]
 17210 | Lair:1   | Killed Gastronok
 17210 | Lair:1   | Reached skill level 1 in Shields
 17214 | Lair:1   | HP: 5/104 [black mamba (9)]
 17214 | Lair:1   | Slain by a black mamba

Illustrated notes

Levels and vault maps discovered:
D:1:      lightli_arrival_lavapool, layout_loops_ring
D:2:      layout_basic, uniq_robin, uniq_sigmund
D:3:      minmay_general_purpose_star, layout_basic, portal_sewer_entry_a,
          chequers_ecumenical_altar_simple_redux, serial_bayou_pond_b,
          chequers_decorated_corner, guppyfry_early_lair_pool,
          uniq_crazy_yiuf_cottage
D:4:      layout_gridville, grunt_temple_overflow_open, serial_shops, shop,
          first_ration, minmay_misc_feat_nine_boxes
D:5:      minmay_evil_eye, layout_cave_pools, vehumet_statue, serial_shops,
          shop, nicolae_shop_statue_plus, shop, kennysheep_mini,
          nicolae_shop_temple_entry_statues_fountains,
          minmay_guarded_unrand_staff_of_olgreb, uniq_ijyb
D:6:      layout_cave_pools, basic_altar, grunt_ministairs_12
D:7:      layout_loops_ring, minmay_temple_entry_overgrown, serial_glass,
          glass_columns_b, glass_columns_a
D:8:      layout_basic, kennysheep_little_box
D:9:      layout_basic, erik_lair_orcish_takeover, serial_shops, shop,
          hangedman_pestilent_swarm, minivault_8
D:10:     layout_rooms, serial_shops, nicolae_shop_overgrown_old_shop
D:11:     layout_gridville, nicolae_tso_swordbearing_angel
D:12:     layout_basic, orc_0_dummy, serial_shops, shop_statue, uniq_kirke,
          uniq_frances
Lair:1:   gammafunk_cloud_chamber, layout_loops_ring,
          nicolae_quartered_pool_super, lemuel_fruit_fields,
          infiniplex_staircase_pool, uniq_erica, uniq_gastronok

Skill      XL: |  1  2  3  4  5  6  7  8  9 10 11 12 |
---------------+-------------------------------------+-----
Unarmed Combat | 1 2 3 |  3.6
Dodging        | 2 3 4 5 6 |  6.5
Fighting       | 1 2 3 5 6 7 8 9 |  9.2
Stealth        | 2 3 4 |  4.3
Spellcasting   | 3 4 5 7 8 9 10 11 | 11.1
Conjurations   | 5 6 7 8 9 |  9.3
Evocations     | 1 3 5 |  5.8
Fire Magic     | 2 4 5 |  5.5
Translocations | 1 |  1.7
Staves         | 1 |  1.2
Shields        | 1 |  1.2
Throwing       | |  0.1

Action                   |  1- 3 |  4- 6 |  7- 9 | 10-12 || total
-------------------------+-------+-------+-------+-------++-------
Melee: Unarmed           |    52 |    31 |    79 |       ||   162
       Tailslap          |     5 |     1 |     5 |     7 ||    18
       Punch             |       |       |     1 |     1 ||     2
       Staff             |       |       |     1 |    47 ||    48
Throw: Dart              |       |       |       |     4 ||     4
 Cast: Magic Dart        |    57 |    81 |   138 |     2 ||   278
       Searing Ray       |     5 |    17 |    34 |    43 ||    99
       Foxfire           |       |       |    24 |   255 ||   279
       Iskenderun's Myst |       |       |       |    34 ||    34
       Fireball          |       |       |       |    16 ||    16
 Abil: Breathe Fire      |       |       |    25 |    15 ||    40
Evoke: Staff of Olgreb   |       |       |    22 |    85 ||   107
       Wand              |       |       |     7 |     1 ||     8
  Use: Potion            |       |     2 |     5 |     3 ||    10
       Scroll            |       |     5 |       |     6 ||    11
 Stab: Sleeping          |       |     2 |     1 |       ||     3
  Eat: Chunk             |     4 |     8 |    11 |    21 ||    44
       Ration            |       |     1 |     2 |     4 ||     7
Armor: Skin              |    24 |    34 |    74 |    69 ||   201
Dodge: Dodged            |    44 |    80 |    92 |   193 ||   409
Block: Kite shield       |       |       |       |     8 ||     8
